 Dungeon Crawl Stone Soup version 0.21.1-1-g345015f (webtiles) character file.

84 pyrogen the Caller (level 4, 0/25 HPs)
             Began as a Tengu Summoner on Apr 30, 2018.
             Slain by a hobgoblin
             ... wielding a +0 club
              (2 damage)
             ... on level 3 of the Dungeon.
             The game lasted 00:49:07 (2845 turns).

pyrogen the Caller (Tengu Summoner)                 Turns: 2845, Time: 00:49:07

Health: 0/25       AC:  3    Str:  9    XL:     4   Next: 45%
Magic:  3/8        EV: 13    Int: 15    God:
Gold:   100        SH:  0    Dex: 15    Spells: 2/8 levels left

rFire    . . .     SeeInvis .   s - +0 hunting sling (freeze)
rCold    . . .     Gourm    .   (no shield)
rNeg     . . .     Faith    .   o - +0 leather armour
rPois    .         Spirit   .   (helmet restricted)
rElec    .         Reflect  .   (no cloak)
rCorr    .         Harm     .   (no gloves)
MR       .....                  (boots unavailable)
Stlth    ++........             (no amulet)
HPRegen  0.08/turn              (no ring)
MPRegen  0.11/turn              (no ring)

@: no status effects
A: beak, talons 3
a: no special abilities


You were on level 3 of the Dungeon.
You were hungry.

You visited 1 branch of the dungeon, and saw 3 of its levels.

You collected 100 gold pieces.

Inventory:

Hand Weapons
 a - a +0 hand axe of flaming
   (You found it on level 1 of the Dungeon)
 e - a +0 short sword
   (You took it off a kobold on level 1 of the Dungeon)
 s - a +0 hunting sling of freezing (weapon)
   (You found it on level 2 of the Dungeon)
Missiles
 v - 17 stones (quivered)
Armour
 o - a +0 leather armour (worn)
   (You found it on level 2 of the Dungeon)
Wands
 n - a wand of random effects (29)
   (You found it on level 2 of the Dungeon)
Scrolls
 d - a scroll of fog {unknown}
 i - 2 scrolls of remove curse {unknown}
 j - 2 scrolls of identify {unknown}
 q - 2 scrolls of fear {unknown}
 r - 2 scrolls of teleportation
Potions
 f - a potion of degeneration {unknown}
 h - a potion of heal wounds {unknown}
 l - a potion of cancellation {unknown}
 t - a potion of brilliance {unknown}
 w - a potion of haste {unknown}
Books
 b - a book of Callings
Comestibles
 c - 8 rations
 x - a chunk of flesh


   Skills:
 + Level 1.2 Fighting
 - Level 0.6 Short Blades
 + Level 0.4(0.5) Slings
 - Level 0.3(0.5) Throwing
 + Level 3.0 Dodging
 - Level 2.2 Stealth
 + Level 2.5 Spellcasting
 + Level 5.3 Summonings


You had 2 spell levels left.
You knew the following spells:

 Your Spells              Type           Power        Failure   Level  Hunger
a - Summon Small Mammal   Summ           ###.         3%          1    #......
b - Call Imp              Summ           ###.....     4%          2    ###....
c - Call Canine Familiar  Summ           ###.....     10%         3    ###....


Dungeon Overview and Level Annotations

Branches:
Dungeon (3/15)

Altars:


Innate Abilities, Weirdness & Mutations

You have a beak for a mouth.
You have claws for feet.


Message History

The gnoll hits your crimson imp with a whip.
Your crimson imp misses the gnoll.
The gnoll hits your crimson imp with a whip.
Your crimson imp closely misses the gnoll.
The gnoll hits your crimson imp but does no damage.
Your crimson imp hits the gnoll.
The gnoll closely misses your crimson imp.
Your crimson imp hits the gnoll.
The gnoll dies!
Found a scroll labeled ENWANLO GAPT and 3 tomahawks of returning.
There is a stone staircase leading up here.
You start resting.
What are your orders? t - Shout!
Orders for allies: a - Attack new target. r - Retreat! s - Stop attacking. g - Guard the area. f - Follow me.
Anything else - Cancel.
Gang up on whom?
Press: ? - help, Dir - move target cursor, f - hobgoblin
Aim: a hobgoblin, wielding a club Attack!
Your crimson imp closely misses the hobgoblin.
The hobgoblin hits your crimson imp but does no damage.
Your crimson imp barely misses the hobgoblin.
The hobgoblin closely misses your crimson imp.
Your crimson imp blinks!
Your crimson imp blinks!
You climb upwards.
There is a stone staircase leading down here.
You start resting.
Magic restored.
You climb downwards.
The gnoll hits you from afar with a spear.
The hobgoblin hits you with a club.
There is a stone staircase leading up here.
Casting: Call Imp
Confirm with . or Enter, or press ? or * to list all spells.
The gnoll hits you from afar with a spear!
The hobgoblin hits you but does no damage.
A hobgoblin comes into view.
Casting: Call Canine Familiar
Confirm with . or Enter, or press ? or * to list all spells.
A beastly little devil appears in a puff of flame.
The hobgoblin shouts!
You are feeling hungry.
The gnoll hits you from afar with a spear!
* * * LOW HITPOINT WARNING * * *
The hobgoblin hits you with a club.
You die...

. #.#.# #.#
(. #.#.#
#.##### #
?.. ##.#5#
#.....#####
...##....#
#####..[...
......#..#
#######
..##.g.##
#### ##g##
.... #.###
#### #g@.#
###h# 5# .#
.# .# .# .#


You could see a gnoll, 2 hobgoblins, a friendly hound and a friendly crimson
imp.

Vault maps used:
D:1:      roderic_octagonal_star
D:2:      wad_river_or_something
D:3:      minivault_27, mrwooster_statue_mirror, saegor_snake_ambush

Notes
Turn   | Place    | Note
-------+----------+-------------------------------------------
     0 | D:1      | pyrogen the Tengu Summoner began the quest for the Orb.
     0 | D:1      | Reached XP level 1. HP: 10/10 MP: 4/4
    70 | D:1      | HP: 1/10 [dart slug/slug dart (4)]
   428 | D:1      | Identified a +0 short sword (You took it off a kobold on level 1 of the Dungeon)
   450 | D:1      | Reached XP level 2. HP: 12/15 MP: 1/6
   499 | D:1      | Learned a level 2 spell: Call Imp
   535 | D:1      | Reached skill level 5 in Summonings
   553 | D:1      | Identified a +0 robe (You found it on level 1 of the Dungeon)
   563 | D:1      | Identified a +0 robe
   744 | D:1      | Identified a +0 robe (You found it on level 1 of the Dungeon)
   778 | D:1      | Identified a +0 robe (You found it on level 1 of the Dungeon)
  1098 | D:1      | Identified a +0 robe (You found it on level 1 of the Dungeon)
  1109 | D:1      | Identified a +0 robe (You found it on level 1 of the Dungeon)
  1325 | D:1      | Identified a +0 robe (You found it on level 1 of the Dungeon)
  1447 | D:2      | Reached XP level 3. HP: 20/20 MP: 2/7
  1452 | D:2      | Learned a level 3 spell: Call Canine Familiar
  1774 | D:2      | Identified a +0 hunting sling of freezing (You found it on level 2 of the Dungeon)
  2162 | D:2      | Reached XP level 4. HP: 17/24 MP: 5/8
  2164 | D:2      | Reached skill level 1 in Fighting
  2337 | D:2      | Identified 3 scrolls of teleportation
  2724 | D:3      | Identified a +0 chain mail (You found it on level 2 of the Dungeon)
  2735 | D:3      | Identified a +0 leather armour (You found it on level 2 of the Dungeon)
  2746 | D:3      | Identified a +0 robe (You found it on level 3 of the Dungeon)
  2756 | D:3      | Identified a +0 robe (You found it on level 2 of the Dungeon)
  2782 | D:3      | Reached skill level 3 in Dodging
  2845 | D:3      | HP: 2/25 [gnoll/spear (7)]
  2845 | D:3      | Identified a +0 club
  2845 | D:3      | Slain by a hobgoblin

Table legend:
 A = Turns spent in this place as a percentage of turns spent in the entire game.
 B = Non-inter-level travel turns spent in this place as a percentage of non-inter-level travel turns spent in the entire game.
 C = Inter-level travel turns spent in this place as a percentage of turns spent in this place.
 D = Turns resting spent in this place as a percentage of non-inter-level travel turns spent in this place.
 E = Turns spent auto-exploring this place as a percentage of non-inter-level travel turns spent in this place.
 F = Non-inter-level travel turns spent in this place divided by the number of levels of this place that you've seen.
                   A       B       C       D       E      F
               +-------+-------+-------+-------+-------+----------------------
         Total | 100.0 | 100.0 |   6.1 |  21.9 |  54.2 | 890.7
       Dungeon | 100.0 | 100.0 |   6.1 |  21.9 |  54.2 | 890.7
               +-------+-------+-------+-------+-------+----------------------

Table legend:
 A = Kills in this place as a percentage of kills in entire the game.
 B = Kills by you in this place as a percentage of kills by you in the entire game.
 C = Kills by friends in this place as a percentage of kills by friends in the entire game.
 D = Other kills in this place as a percentage of other kills in the entire game.
 E = Experience gained in this place as a percentage of experience gained in the entire game.
 F = Experience gained in this place divided by the number of levels of this place that you have seen.
                   A       B       C       D       E      F
               +-------+-------+-------+-------+-------+----------------------
         Total | 100.0 | 100.0 | 100.0 |   N/A | 100.0 |  40.0
       Dungeon | 100.0 | 100.0 | 100.0 |   N/A | 100.0 |  40.0
               +-------+-------+-------+-------+-------+----------------------

Skill      XL: |  1  2  3  4 |
---------------+-------------+-----
Summonings     | 5 |  5.3
Fighting       | 1 |  1.2
Dodging        | 3 |  3.0
Short Blades   | |  0.6
Slings         | |  0.4
Throwing       | |  0.3
Stealth        | |  2.2
Spellcasting   | |  2.5

Action                   |  1- 3 |  4- 6 || total
-------------------------+-------+-------++-------
Melee: Short sword       |     8 |       ||     8
       Kick              |     3 |     2 ||     5
       Peck              |     2 |       ||     2
       Hunting sling     |     4 |    14 ||    18
 Fire: Hunting sling     |       |     4 ||     4
 Cast: Summon Small Mamm |    14 |       ||    14
       Call Imp          |    26 |     4 ||    30
       Call Canine Famil |     7 |     4 ||    11
  Use: Scroll            |       |     1 ||     1
 Stab: Sleeping          |       |     1 ||     1
  Eat: Chunk             |     7 |     2 ||     9
Armor: Robe              |    12 |     9 ||    21
       Leather armour    |       |     1 ||     1
Dodge: Dodged            |    37 |    26 ||    63

Vanquished Creatures
  A kobold (D:1)
  2 bats (D:2)
3 creatures vanquished.

Vanquished Creatures (collateral kills)
  2 gnolls (D:3)
  5 adders
  An ooze (D:2)
  A worm (D:2)
  6 dart slugs
  2 orcs
  A ball python (D:2)
  4 giant cockroaches
  4 hobgoblins
  5 jackals
  4 bats
  3 frilled lizards
  8 goblins
  9 kobolds
  4 rats
59 creatures vanquished.

Grand Total: 62 creatures vanquished
